Map: Romanticide LE

Players

Rob

  • Race: Protoss Protoss

Nina - Winner!

  • Race: Protoss Protoss

Event: DreamHack SC2 Masters 2021 Fall

VOD

Have the link to the VOD?

Description

Time

  • Played on: Aug. 5, 2021, 5:28 p.m.
  • Length: 13:43

All games in this series

Show
View Real Time Build Order
Export as new Build Order

Rob Protoss 

Build Orders: Oracle Opening 

Get SALT Encoding   

  12  0:00  Probe  
  13  0:12  Probe  
  14  0:17  Pylon  
  14  0:24  Probe (Chrono Boost)  
  15  0:36  Probe (Chrono Boost)  
  15  0:37  Gateway  
  16  0:44  Probe (Chrono Boost)  
  16  0:48  Assimilator  
  17  0:50  Probe  
  17  0:55  Assimilator  
  18  1:03  Probe (Chrono Boost)  
  19  1:07  Gateway  
  19  1:15  Probe (Chrono Boost)  
  20  1:22  Probe (Chrono Boost)  
  20  1:25  Cybernetics Core  
  21  1:29  Probe  
  22  1:36  Pylon  
  22  1:41  Probe  
  23  2:01  Stalker x2, Warp Gate  
  27  2:18  Pylon  
  27  2:30  Stargate  
  27  2:39  Probe  
  27  2:51  Nexus  
  27  2:54  Probe  
  28  2:59  Shield Battery  
  28  3:06  Probe  
  28  3:10  Oracle (Chrono Boost)  
  29  3:18  Probe  
  33  3:25  Shield Battery  
  33  3:30  Probe  
  34  3:37  Oracle (Chrono Boost)  
  37  3:42  Probe  
  38  3:53  Pylon  
  38  3:54  Probe  
  39  3:58  Twilight Council  
  39  4:04  Probe  
  39  4:06  Probe  
  41  4:12  Stalker  
  41  4:16  Probe  
  44  4:18  Probe  
  44  4:21  Stalker  
  47  4:28  Probe  
  47  4:31  Probe  
  49  4:35  Blink (Chrono Boost)  
  49  4:40  Probe (Chrono Boost)  
  49  4:43  Stalker  
  49  4:44  Stalker  
  55  4:46  Probe (Chrono Boost)  
  56  4:53  Probe (Chrono Boost)  
  56  4:58  Pylon  
  56  4:59  Probe x2 (Chrono Boost)  
  58  5:04  Forge  
  58  5:08  Robotics Facility  
  58  5:10  Probe  
  58  5:11  Probe  
  57  5:22  Stalker x2  
  57  5:24  Probe x2  
  57  5:27  Assimilator  
  63  5:30  Protoss Ground Weapons Level 1 (Chrono Boost)  
  63  5:33  Gateway  
  63  5:39  Gateway  
  63  5:44  Gateway  
  63  5:49  Pylon  
  63  5:56  Observer  
  64  6:11  Nexus  
  64  6:15  Stalker x2  
  64  6:16  Probe x2  
  64  6:17  Pylon  
  70  6:22  Observer  
  71  6:28  Probe x2  
  73  6:33  Pylon  
  73  6:35  Pylon  
  73  6:36  Stalker x2  
  77  6:40  Probe x2  
  76  6:52  Probe  
  76  6:53  Probe  
  78  7:00  Stalker x3  
  84  7:05  Stalker, Probe x2  
  84  7:07  Stalker  
  90  7:10  Protoss Ground Weapons Level 2 (Chrono Boost)  
  90  7:17  Probe  
  90  7:22  Gateway x2  
  91  7:24  Probe  
  91  7:29  Probe  
  93  7:34  Probe  
  93  7:36  Probe  
  95  7:41  Probe  
  95  7:46  Stalker x5  
  95  7:49  Probe  
  106  7:52  Shield Battery, Photon Cannon  
  106  7:53  Charge  
  106  7:54  Pylon  
  106  8:04  Gateway  
  106  8:05  Gateway  
  106  8:08  Assimilator  
  106  8:11  Warp Prism  
  106  8:31  Nexus  
  106  8:37  Photon Cannon  
  106  8:39  Stalker x2  
  110  8:42  Stalker x4  
  118  8:55  Photon Cannon, Dark Shrine  
  118  8:57  Photon Cannon  
  118  8:58  Photon Cannon  
  112  9:12  Adept x2  
  112  9:13  Stalker x3  
  122  9:20  Protoss Ground Weapons Level 3 (Chrono Boost)  
  122  9:22  Pylon x2  
  122  9:31  Pylon  
  122  9:37  Zealot  
  124  9:40  Zealot x4  
  124  9:41  Pylon x2  
  124  9:45  Robotics Bay  
  132  9:47  Assimilator  
  128  9:56  Pylon  
  128  10:00  Photon Cannon  
  128  10:09  Dark Templar x2  
  128  10:10  Zealot x4  
  128  10:11  Zealot  
  142  10:15  Dark Templar  
  126  10:44  Zealot x6  
  126  10:45  Zealot x2  
  120  10:57  Disruptor  
  108  11:00  Probe x4  
  109  11:04  Robotics Facility  
  109  11:07  Stalker x6  
  109  11:08  Zealot x3  
  125  11:11  Shield Battery  
  125  11:12  Shield Battery, Probe x4  
  125  11:14  Photon Cannon  
  129  11:24  Probe x4  
  131  11:30  Zealot  
  131  11:31  Disruptor (Chrono Boost), Zealot x8  
  134  11:54  Zealot x9  
  134  11:59  Disruptor  
  134  12:00  Disruptor  
  112  12:15  Zealot  
  112  12:16  Stalker x5  
  116  12:28  Stalker x3  
  114  12:35  Stalker  
  96  12:40  Zealot  
  96  12:41  Zealot x4  
  93  12:54  Stalker  
  93  12:55  Stalker x2  
  90  13:04  Zealot x2, Stalker x3  
  90  13:05  Zealot  
  101  13:28  Zealot  
  101  13:29  Zealot x8  
Show
View Real Time Build Order
Export as new Build Order

Nina Protoss - Winner!

Build Orders: Phoenix Opening 

Get SALT Encoding   

  12  0:00  Probe  
  13  0:12  Probe  
  14  0:19  Pylon  
  14  0:24  Probe  
  15  0:37  Gateway  
  15  0:38  Probe (Chrono Boost)  
  16  0:49  Assimilator, Probe (Chrono Boost)  
  17  0:54  Probe (Chrono Boost)  
  18  0:58  Assimilator  
  18  1:04  Probe  
  19  1:12  Gateway  
  19  1:16  Probe (Chrono Boost)  
  21  1:26  Probe (Chrono Boost)  
  21  1:27  Cybernetics Core  
  21  1:32  Probe  
  21  1:38  Pylon  
  22  1:44  Probe  
  23  1:56  Probe  
  24  2:04  Stalker x2  
  28  2:09  Probe  
  28  2:11  Warp Gate  
  29  2:20  Pylon  
  29  2:22  Probe  
  30  2:27  Pylon  
  30  2:34  Probe  
  31  2:38  Stalker x2  
  35  2:47  Probe  
  35  2:50  Pylon  
  36  2:59  Probe  
  37  3:11  Sentry, Probe  
  37  3:12  Sentry  
  42  3:17  Nexus  
  42  3:23  Probe (Chrono Boost)  
  44  3:35  Probe (Chrono Boost)  
  44  3:36  Twilight Council  
  44  3:41  Shield Battery, Probe (Chrono Boost)  
  45  3:49  Probe (Chrono Boost)  
  45  3:50  Phoenix  
  45  3:52  Forge  
  46  4:01  Probe (Chrono Boost)  
  47  4:05  Pylon  
  47  4:14  Blink  
  47  4:20  Pylon  
  47  4:23  Probe (Chrono Boost)  
  48  4:25  Protoss Ground Weapons Level 1  
  47  4:34  Stalker x2  
  44  4:39  Probe (Chrono Boost)  
  45  4:47  Probe (Chrono Boost)  
  47  4:56  Probe (Chrono Boost)  
  47  4:57  Probe (Chrono Boost)  
  48  5:02  Probe x2 (Chrono Boost)  
  48  5:03  Stalker  
  52  5:13  Probe  
  52  5:14  Probe (Chrono Boost)  
  52  5:20  Phoenix  
  50  5:26  Probe (Chrono Boost)  
  52  5:29  Shield Battery  
  52  5:31  Probe (Chrono Boost)  
  52  5:35  Probe (Chrono Boost)  
  53  5:38  Probe (Chrono Boost)  
  53  5:39  Stalker  
  53  5:40  Probe  
  57  5:44  Gateway  
  57  5:49  Gateway, Probe  
  58  5:52  Probe  
  58  5:56  Stalker  
  61  6:01  Probe  
  62  6:05  Probe  
  62  6:09  Assimilator  
  63  6:11  Gateway  
  63  6:12  Pylon  
  63  6:13  Probe  
  63  6:17  Probe  
  65  6:19  Pylon  
  65  6:22  Stalker  
  67  6:26  Probe  
  67  6:28  Robotics Facility  
  67  6:29  Probe  
  69  6:33  Protoss Ground Weapons Level 2 (Chrono Boost)  
  69  6:35  Stalker  
  69  6:38  Probe  
  72  6:47  Probe, Dark Shrine  
  72  6:50  Assimilator  
  72  6:52  Stalker  
  76  7:01  Probe  
  76  7:05  Nexus  
  76  7:06  Probe  
  77  7:12  Stalker  
  77  7:13  Probe  
  81  7:15  Observer (Chrono Boost)  
  81  7:16  Stalker  
  81  7:20  Stalker  
  85  7:26  Gateway  
  85  7:30  Stalker  
  85  7:33  Stalker  
  89  7:49  Stalker x2  
  89  7:50  Stalker  
  94  7:53  Pylon  
  94  7:55  Pylon  
  92  7:58  Dark Templar  
  94  8:06  Pylon  
  94  8:10  Nexus  
  94  8:16  Pylon  
  94  8:17  Stalker x3  
  94  8:19  Stalker  
  102  8:26  Stalker  
  104  8:32  Stalker  
  106  8:35  Observer, Gateway  
  107  8:42  Stalker x2  
  107  8:43  Probe  
  107  8:46  Probe  
  111  8:49  Shield Battery  
  111  8:54  Robotics Bay  
  111  8:56  Probe  
  112  9:03  Probe  
  112  9:07  Photon Cannon  
  112  9:09  Observer, Probe  
  114  9:15  Photon Cannon, Probe  
  115  9:21  Assimilator, Probe  
  116  9:25  Robotics Facility  
  116  9:30  Phoenix  
  116  9:33  Stalker  
  118  9:40  Disruptor (Chrono Boost)  
  118  9:45  Protoss Ground Weapons Level 3 (Chrono Boost)  
  121  9:53  Assimilator, Stalker x3  
  121  9:58  Photon Cannon  
  127  10:01  Probe  
  127  10:02  Pylon  
  127  10:05  Probe  
  127  10:06  Pylon  
  129  10:09  Disruptor  
  129  10:11  Probe  
  133  10:18  Stalker x2  
  128  10:36  Disruptor  
  128  10:38  Probe  
  132  10:47  Nexus  
  132  10:55  Probe  
  128  10:57  Disruptor  
  128  10:59  Stalker  
  128  11:00  Stalker x5  
  128  11:02  Probe  
  139  11:11  Photon Cannon  
  139  11:12  Nexus, Disruptor  
  142  11:19  Probe x2  
  144  11:32  Disruptor  
  142  11:40  Stalker x4, Probe  
  142  11:44  Pylon  
  150  11:48  Disruptor  
  147  12:09  Observer  
  122  12:23  Disruptor  
  122  12:29  Disruptor  
  110  12:35  Stalker x7  
  119  12:59  Disruptor  
  119  13:04  Stalker x5  
  119  13:05  Disruptor, Photon Cannon  
  130  13:09  Probe  
  134  13:13  Photon Cannon  
  134  13:15  Pylon  
  134  13:22  Assimilator  

Tags
 
Add a new tag
Caveats
  • Supply blocks, unpowered buildings, or Contaminate may cause inaccurate times.
  • Supply counts are checked every 10 seconds.